 Dungeon Crawl Stone Soup version 0.31-a0-360-gb3e1d13bf4 (webtiles) character file.

Game seed: 4932564632546226653

2347672 Midn8 the Grand Master (level 26, 399/399 HPs)
             Began as a White Draconian Berserker on July 26, 2023.
             Was the Champion of Trog.
             Escaped with the Orb
             ... and 4 runes!
             The game lasted 04:12:20 (67645 turns).

Midn8 the Grand Master (White Draconian Berserker) Turns: 67645, Time: 04:12:20

Health: 399/399    AC: 28    Str: 29    XL:     26   Next: 14%
Magic:  20/20      EV: 17    Int: 14    God:    Trog [******]
Gold:   2531       SH:  5    Dex: 19    Spells: 25/25 levels left

rFire   + .          .
                       - Unarmed
rCold   + . .        W - melded +0 kite shield {reflect}
rNeg    . . .        (body armour unavailable)
rPois   +            v - melded +2 hat
rElec   .            V - melded +2 cloak {Will+}
rCorr   .            T - melded +2 pair of gloves {Stlth+}
SInv    .            Z - melded +2 pair of boots
Will    +....        k - amulet of Cofiequr {Reflect rF+ SH+5 Stlth+}
Stlth   +            O - +4 ring of protection
HPRegen 1.66/turn    F - ring of fire
MPRegen 0.17/turn

%: reflection
@: dragon-form, flying, studying 3 skills
A: dragon claw, dragon scales, flying, boosted hp, breathe frost, AC +12, giant,
unfitting armour, (cold resistance 1), (cold-blooded), clever 1, low MP 1,
regeneration 1
0: Orb of Zot
}: 4/15 runes: serpentine, barnacled, silver, abyssal
a: Breathe Frost, Begin Untransformation, Renounce Religion, Berserk, Trog's
Hand, Brothers in Arms


You escaped.
You worshipped Trog.
Trog was exalted by your worship.
You were a fearsome ice dragon!
You visited 9 branches of the dungeon, and saw 47 of its levels.
You visited the Abyss 1 time.
You also visited: Trove and Volcano.

You collected 7525 gold pieces.
You spent 4994 gold pieces at shops.

Inventory:

Missiles
 e - 32 javelins
 n - 6 throwing nets
 x - 44 boomerangs (quivered)
 U - 10 atropa-tipped darts
Armour
 v - a +2 hat (melded)
 T - a +2 pair of gloves of stealth (melded)
 V - a +2 cloak of willpower (melded)
 W - a +0 kite shield of reflection (melded)
 Z - a +2 pair of boots (melded)
Jewellery
 c - a ring of see invisible
 g - a +6 ring of dexterity
 k - the amulet of Cofiequr (around neck) {Reflect rF+ SH+5 Stlth+}
   (You bought it in a shop on level 2 of the Depths)

   [amulet of reflection]

   It reflects blocked missile attacks.
   rF:        It protects you from fire.
   SH:        It affects your SH (+5).
   Stlth:     It makes you more stealthy.
 F - a ring of fire (right foreclaw)
 I - a +4 ring of slaying
 O - a +4 ring of protection (left foreclaw)
Talismans
 l - a dragon-blood talisman
 y - a talisman of death
Wands
 w - a wand of polymorph (36)
 A - a wand of digging (8)
 C - a wand of iceblast (52)
 J - a wand of charming (25)
 Q - a wand of mindburst (28)
 S - a wand of light (19)
Scrolls
 h - 18 scrolls of teleportation
 i - 14 scrolls of identify
 m - 7 scrolls of vulnerability
 p - 2 scrolls of butterflies
 s - 11 scrolls of fog
 u - 8 scrolls of immolation
 B - 11 scrolls of fear
 H - 10 scrolls of poison
 N - 3 scrolls of blinking
Potions
 a - 11 potions of curing
 b - 9 potions of enlightenment
 d - 3 potions of magic
 j - 6 potions of might
 o - 3 potions of cancellation
 q - 4 potions of berserk rage
 r - 4 potions of mutation
 t - 16 potions of heal wounds
 K - 7 potions of haste
 M - a potion of ambrosia
 X - 6 potions of attraction
 Y - 10 potions of invisibility
Miscellaneous
 f - a condenser vane
 z - a phantom mirror
 E - a piece from Xom's chessboard (15/15)
 G - a sack of spiders
 P - a lightning rod (4/4)
 R - a phial of floods


   Skills:
 O Level 27 Fighting
 + Level 15.7 Dodging
 - Level 14.0 Shields
 O Level 27 Unarmed Combat
 - Level 18.0 Evocations
 - Level 18.0 Shapeshifting


You had 25 spell levels left.
You didn't know any spells.
Your spell library was empty.

Dungeon Overview and Level Annotations

Branches:
Dungeon (15/15)            Temple (0/1) D:4            Lair (5/5) D:9
 Shoals (4/4) Lair:2        Snake (4/4) Lair:2        Slime (0/5) Lair:4
    Orc (2/2) D:11            Elf (3/3) Orc:2        Vaults (5/5) D:14
  Crypt (0/3) Vaults:3     Depths (4/4) D:15            Zot (5/5) Depths:4
Volcano (visited)

Altars:
Ashenzari
Cheibriados
Dithmenos
Elyvilon
Hepliaklqana
Kikubaaqudgha
Nemelex Xobeh
Okawaru
Qazlal
Yredelemnul
Jiyva
Lugonu

Shops:
D:7 *   D:11 ([   Orc:2 [=[*   Elf:1 ?   Shoals:1 (:   Snake:1 (   Snake:2 :
Snake:3 *([[   Vaults:2 [(   Vaults:5 !!   Depths:2 ::=

Portals:
Hell: Depths:1 Depths:2 Depths:3 Depths:4
Abyss: Depths:3 Depths:4
Pandemonium: Depths:1 Depths:2
Ziggurat: Depths:4

Annotations:
D:4 2 transporters, Dordric's ghost, amateur OgSh
D:9 exclusion: ice statue
Lair:5 1 exclusion
Shoals:2 2 transporters, exclusion: orange crystal statue
Snake:1 1 runed translucent door, Femnodeu's ghost, adept MiBe
Snake:4 1 exclusion
Elf:2 3 runed translucent doors


Innate Abilities, Weirdness & Mutations

You are a fearsome ice dragon!
You have a powerful clawing attack.
Your giant scaled body is strong and resiliant, but less evasive.
Your breath weapon is enhanced in this form.
You are flying.
Your maximum health is greatly increased.
Your armour is entirely melded.
You are incapable of wielding weapons or throwing items.
You can breathe waves of freezing cold which knock back foes.
Your icy white scales are hard. (AC +12)
You cannot fit into any form of body armour.
((Your flesh is cold resistant. (rC+)))
((You are cold-blooded and may be slowed by cold attacks.))
Your mind is acute. (Int +4, Str/Dex -1)
Your magical capacity is low. (-10% MP)
Your natural rate of healing is unusually fast.


Message History

You maul the Orb Guardian!!!!
You kill the Orb Guardian!
Trog accepts your kill.
(D) Dungeon (T) Temple (L) Lair (A) Shoals (P) Snake Pit (M) Slime Pits (O) Orcish Mines (E) Elven Halls (V) Vaults (C) Crypt (U) Depths (H) Hell (Z) Zot
Where to? (Enter - D:1 @ (x,y), ? - help)
You reach down and open the door.
There is an open door here.
There is an open door here.
There is a stone staircase leading up here.
You fly upwards.
There is a stone staircase leading down here.
There is a stone staircase leading up here.
You see here 4 potions of degeneration.
You fly upwards.
There is a stone staircase leading down here.
There is a stone staircase leading up here.
You fly upwards.
There is a stone staircase leading down here.
There is a stone staircase leading up here.
HP restored.
You fly upwards.
Level annotation: 2 transporters, Dordric's ghost, amateur OgSh
There is a stone staircase leading down here.
There is a stone staircase leading up here.
You fly upwards.
There is a stone staircase leading down here.
There is an open door here.
Items here: ))))) [[[[.
There is an open door here.
There is a stone staircase leading up here.
You fly upwards.
There is a stone staircase leading down here.
There is a stone staircase leading up here.
You fly upwards.
There is a stone staircase leading down here.
There is a staircase leading out of the dungeon here.
You have escaped!

.####.....#..♣♣P>P♣♣..#.#.#.# #
..##########..♣♣.♣♣..##.#.#.# #
#..# ♣.........♣#.#.#.# #
##.########♣.♣.~~~.♣.♣#.#.#.# #
..........#♣..~~8~~..♣#.#.#.# #
##..#####.#♣.♣.~~~.♣.♣#.#.#.#####
###.## #.#♣.........♣#.#.#.....#
# #..# #.##..♣♣.♣♣..##.#.####.##
# ##.## #.#..♣♣PDP♣♣..#.#........
# #..###.##..#####..##..#####.##
# ##.....'...~≈≈≈~...'..#.###.##
########..##############.#.#.....
...........................#.#†##
#########.#.....................#
..........#.#########..#.#.#.#..#
#########.#.# ##.(.#.#.#..# .#
#.#.# #.#...#.#..#


There were no monsters in sight!

Vanquished Creatures
  A dread lich (Vaults:5)
  An ancient lich (Vaults:5)
  9 orbs of fire
  Vashnia (Snake:3)
  Saint Roka (Depths:2)
  8 Killer Klowns
  Bai Suzhen (Shoals:4)
  Frederick (Depths:3)
  2 curse toes
  2 caustic shrikes
  7 golden dragons
  3 bone dragons
  Nikola (Shoals:1)
  A Tzitzimitl (D:12)
  3 electric golems
  2 hellephants (Depths:1)
  15 tentacled monstrosities
  2 walking crystal tomes
  2 Ice Fiends
  Jorgrun (D:13)
  A pandemonium lord (D:15)
  A deep elf master archer (Elf:3)
  27 Orb Guardians
  A walking earthen tome (Depths:2)
  7 titans
  4 quicksilver dragons
  A deep elf blademaster (Elf:3)
  A walking divine tome (Depths:2)
  4 liches
  2 Executioners
  5 death cobs
  A kraken (Shoals:1)
  3 tentacled starspawn (Abyss:3)
  Polyphemus (Shoals:1)
  Aizul (Vaults:4)
  8 sphinxes
  11 tengu reavers
  Kirke (D:15)
  7 storm dragons
  8 shadow dragons
  Donald (Snake:2)
  4 nagarajas (Snake:4)
  15 fire giants
  A revenant (Abyss:3)
  2 draconian knights
  11 deep elf sorcerers
  A draconian monk (Zot:4)
  13 frost giants
  2 iron dragons (Depths:2)
  A frost giant (shapeshifter) (D:15)
  4 draconian scorchers
  2 draconian stormcallers
  6 deep elf elementalists
  3 ghost moths (Zot:5)
  22 vault wardens
  A demonspawn corrupter (Depths:2)
  3 formless jellyfish
  9 draconian shifters
  18 ironbound preservers
  A demonspawn blood saint (Depths:2)
  3 spriggan defenders
  24 very ugly things
  2 war gargoyles (Vaults:4)
  13 ironbound thunderhulks
  4 draconian annihilators (Zot:4)
  24 stone giants
  2 vampire knights
  8 deep elf annihilators
  4 green draconians
  7 black draconians
  A lorocyproca (Depths:1)
  7 deep elf demonologists
  11 red draconians
  4 white draconians
  2 spark wasps (Depths:3)
  8 dire elephants
  6 deep elf death magi
  2 purple draconians (Zot:2)
  3 yellow draconians
  Snorg (Orc:1)
  2 eidola (Vaults:2)
  8 crystal guardians
  19 ettins
  8 merfolk javelineers
  2 entropy weavers
  3 blizzard demons
  5 deep elf high priests
  2 jiangshi (Depths:4)
  7 merfolk impalers (Shoals:4)
  Harold (Lair:1)
  13 fire dragons
  8 rakshasas
  8 salamander tyrants
  4 great orbs of eyes
  9 hydras
  34 vault guards
  20 yaktaur captains
  7 ice dragons
  3 spriggan air magi
  5 peacekeepers
  Erica (Orc:1)
  4 anacondas
  2 catoblepae
  5 centaur warriors
  16 ironbound frosthearts
  3 merfolk aquamancers
  3 ogre magi (Vaults:5)
  A caustic shrike simulacrum (Depths:1)
  A hell beast (Zot:3)
  6 boulder beetles
  5 dancing weapons
  An alligator snapping turtle (Shoals:4)
  2 merfolk avatars
  3 two-headed ogres
  11 death yaks
  6 tengu warriors
  12 naga warriors
  8 shock serpents
  13 deep troll shamans
  A demonic crawler (Lair:1)
  9 hell hogs (Depths:1)
  An alligator (Lair:5)
  20 deep troll earth magi
  5 spriggan berserkers
  4 thrashing horrors (Abyss:3)
  3 orc high priests (Orc:2)
  4 vampire magi
  Nergalle (D:11)
  10 hell knights
  13 deep elf knights
  12 naga sharpshooters
  A soul eater (Depths:2)
  A fire crab (shapeshifter) (D:15)
  3 spriggans (Depths:2)
  5 wretched stars (Abyss:3)
  7 iron trolls
  3 skysharks
  8 salamander mystics
  6 sea snakes
  An orb spider (shapeshifter) (Depths:2)
  5 naga ritualists
  A flayed ghost (Depths:2)
  A glowing orange brain (shapeshifter) (Vaults:5)
  10 deep elf archers
  4 glowing orange brains
  55 deep trolls
  A shadow demon (Depths:2)
  33 harpies
  A golden dragon skeleton (Depths:1)
  An anaconda skeleton (Abyss:3)
  17 ironbound convokers
  23 deep elf zephyrmancers
  4 phantasmal warriors
  6 orc knights
  7 necromancers
  9 lindwurms (Vaults:1)
  26 deep elf pyromancers
  9 mana vipers
  A frost giant zombie (Vaults:5)
  16 manticores
  6 wizards
  5 fauns
  2 wolf spiders (Lair:5)
  2 fire giant zombies
  A worldbinder (Abyss:3)
  7 orc sorcerers
  A black mamba (shapeshifter) (Vaults:5)
  15 moths of wrath
  48 ugly things
  A sphinx skeleton (Vaults:5)
  21 salamanders
  A centaur zombie (D:15)
  7 cyclopes
  22 vault sentinels
  2 rust devils
  9 merfolk sirens
  4 guardian serpents
  A guardian serpent (shapeshifter) (Elf:3)
  13 naga magi
  2 molten gargoyles (Volcano)
  33 black mambas
  9 water nymphs
  A fire giant skeleton (Depths:1)
  4 orange demons
  A spriggan zombie (Depths:1)
  4 smoke demons
  21 cane toads
  5 torpor snails (Lair:3)
  6 unseen horrors
  A gargoyle (D:12)
  A komodo dragon (shapeshifter) (Vaults:5)
  3 freezing wraiths
  3 efreet
  3 rime drakes
  A kobold demonologist (D:10)
  15 komodo dragons
  A human skeleton (Vaults:2)
  4 tengu conjurers
  A spark wasp simulacrum (Depths:1)
  33 yaktaurs
  3 red devils
  2 elf skeletons
  12 polar bears
  A yaktaur skeleton (Vaults:2)
  26 merfolk
  A queen bee (shapeshifter) (Vaults:5)
  3 wind drakes
  A hellwing (D:15)
  A polar bear (shapeshifter) (Elf:1)
  6 trolls
  6 hornets
  A raiju (shapeshifter) (Elf:3)
  A snapping turtle (shapeshifter) (Vaults:4)
  18 blink frogs
  13 snapping turtles
  4 dream sheep (Lair:5)
  A frost giant simulacrum (Vaults:2)
  A raiju (Lair:5)
  14 slime creatures
  A centaur simulacrum (D:15)
  2 shadows (D:11)
  9 air elementals
  3 wraiths
  19 wyverns
  2 fire bats (Volcano)
  An ettin skeleton (Vaults:5)
  7 starcursed masses (Abyss:3)
  A hog (D:15)
  2 vampires
  51 yaks
  30 water elementals
  8 basilisks
  22 fire elementals
  8 humans (D:14)
  4 redbacks
  2 hogs (shapeshifter) (Elf:1)
  2 spriggan simulacra (Depths:1)
  2 steam dragons
  13 vampire mosquitoes
  2 neqoxecs (Abyss:3)
  3 chaos spawn (Depths:1)
  Edmund (D:5)
  Menkaure (D:5)
  51 nagas
  12 wargs
  4 acid dragons
  2 swamp worms (Lair:1)
  24 water moccasins
  Duvessa (D:5)
  4 large abominations (Abyss:3)
  A glowing shapeshifter skeleton (Depths:1)
  14 hell hounds (Lair:5)
  3 floating eyes
  A floating eye (shapeshifter) (Vaults:5)
  A meliai simulacrum (D:15)
  28 orc warriors
  2 small abominations (Abyss:3)
  2 black bears (shapeshifter)
  16 black bears
  A sky beast (D:8)
  2 human zombies (Vaults:5)
  An ice beast (D:6)
  34 wolves
  3 ogres
  5 boggarts
  12 centaurs
  A phantom (D:6)
  A kobold brigand (D:11)
  15 bullfrogs
  A gnoll sergeant (D:10)
  2 scorpions
  3 earth elementals
  4 wights
  2 glowing shapeshifter simulacra
  Dowan (D:5)
  10 killer bees
  8 electric eels
  5 howler monkeys
  5 lava snakes (Volcano)
  3 jellies
  A hound (D:6)
  19 orc priests
  A sleepcap (D:7)
  4 iguanas
  20 orc wizards
  7 hell rats (Lair:3)
  A mummy (D:6)
  11 gnolls
  14 adders
  A shadow imp (Abyss:3)
  A white imp (Vaults:4)
  An ufetubus (D:5)
  2 worms
  4 dart slugs
  72 orcs
  11 endoplasms
  4 giant cockroaches
  5 goblins
  7 hobgoblins
  2 jackals (D:5)
  7 kobolds
  2 quokkas
  6 ball pythons
  5 bats
  4 frilled lizards
  A hobgoblin zombie (D:6)
  3 kobold zombies (D:6)
  4 rats
  3 tentacles (Shoals:1)
2173 creatures vanquished.

Vanquished Creatures (collateral kills)
  2 shock serpents (Snake:2)
  A harpy (Shoals:4)
  A naga ritualist (Snake:2)
  A black mamba (Snake:2)
  A merfolk (Shoals:4)
6 creatures vanquished.

Vanquished Creatures (others)
  A draconian knight (Depths:4)
  A draconian annihilator (Zot:4)
  A merfolk impaler (Shoals:4)
  A vault guard (D:14)
  2 deep elf knights (Elf:2)
  A deep elf pyromancer (Elf:3)
  A deep elf zephyrmancer (Elf:3)
  2 humans
  A bullfrog (Lair:1)
  An orc wizard (Orc:2)
  4 starspawn tentacles (Abyss:3)
  8 tentacles (Shoals:1)
24 creatures vanquished.

Grand Total: 2203 creatures vanquished

Notes
Turn   | Place    | Note
-------+----------+-------------------------------------------
     0 | D:1      | Midn8 the Draconian Berserker began the quest for the Orb.
     0 | D:1      | Reached XP level 1. HP: 19/19 MP: 1/1
   470 | D:1      | Reached XP level 2. HP: 25/26 MP: 2/2
  1286 | D:2      | Reached XP level 3. HP: 30/31 MP: 3/3
  1986 | D:3      | Reached ** piety under Trog
  2119 | D:3      | Reached skill level 5 in Unarmed Combat
  2119 | D:3      | Reached XP level 4. HP: 12/38 MP: 4/4
  2455 | D:3      | Found an ancient bone altar of Kikubaaqudgha.
  2455 | D:3      | Found a hazy altar of Hepliaklqana.
  2457 | D:3      | Found a shadowy altar of Dithmenos.
  2586 | D:3      | Reached XP level 5. HP: 45/45 MP: 5/5
  3160 | D:4      | Found a basalt altar of Yredelemnul.
  3440 | D:4      | Noticed a black bear
  3448 | D:4      | Killed a black bear
  3449 | D:4      | Reached XP level 6. HP: 51/51 MP: 6/6
  3517 | D:4      | Identified the +11 spear of Daoxausk {chaos, rPois}
  3840 | D:4      | Found a transporter.
  3860 | D:4      | Found a transporter.
  3860 | D:4      | Noticed Dordric's ghost (amateur OgSh)
  3934 | D:4      | Found a staircase to the Ecumenical Temple.
  4126 | D:5      | Entered Level 5 of the Dungeon
  4223 | D:5      | Noticed Edmund
  4233 | D:5      | Killed Edmund
  4234 | D:5      | Your scales start taking on an icy white colour.
  4234 | D:5      | Reached XP level 7. HP: 59/59 MP: 7/7
  4234 | D:5      | Gained mutation: Your flesh is cold resistant. (rC+) [White
                  | Draconian growth]
  4273 | D:5      | Noticed Duvessa
  4274 | D:5      | Noticed Dowan
  4288 | D:5      | Killed Duvessa
  4289 | D:5      | Reached skill level 5 in Fighting
  4291 | D:5      | Killed Dowan
  4292 | D:5      | Reached skill level 1 in Shields
  4589 | D:5      | Noticed Menkaure
  4595 | D:5      | Killed Menkaure
  4730 | D:5      | Reached XP level 8. HP: 68/68 MP: 8/8
  5150 | D:6      | Reached skill level 5 in Dodging
  5274 | D:6      | Reached *** piety under Trog
  5540 | D:6      | Found a white marble altar of Elyvilon.
  5981 | D:7      | Reached XP level 9. HP: 66/75 MP: 9/9
  6039 | D:7      | Found Fuwa's Serpentskin Sales.
  6046 | D:7      | Reached skill level 10 in Unarmed Combat
  6056 | D:7      | Bought a scroll of poison for 56 gold pieces
  6277 | D:7      | Identified the +9 mace of Sharkskin {freeze, rN+++ Int+2
                  | Dex-2 Stlth-}
  7094 | D:8      | Reached **** piety under Trog
  7630 | D:9      | Found a staircase to the Lair.
  7656 | D:9      | Noticed an ice statue
  7903 | D:9      | Noticed a two-headed ogre
  7908 | D:9      | Killed a two-headed ogre
  7909 | D:9      | Reached XP level 10. HP: 82/88 MP: 10/10
  8669 | D:10     | Entered Level 10 of the Dungeon
  8707 | D:10     | Found a broken altar of Ashenzari.
  8940 | D:10     | Noticed a rust devil
  9174 | D:10     | Found a snail-covered altar of Cheibriados.
 10156 | D:11     | Reached skill level 1 in Evocations
 10186 | D:11     | Reached XP level 11. HP: 93/95 MP: 11/11
 10194 | D:11     | Found Upar's Weapon Shoppe.
 10215 | D:11     | Found a staircase to the Orcish Mines.
 10242 | D:11     | Found Balocoff's Armour Shoppe.
 10336 | D:11     | Bought a +0 pair of gloves for 67 gold pieces
 10428 | Lair:1   | Entered Level 1 of the Lair of Beasts
 10457 | Lair:1   | Reached ***** piety under Trog
 10597 | Lair:1   | Noticed Harold
 10619 | Lair:1   | Killed Harold
 10620 | Lair:1   | Reached skill level 5 in Evocations
 11287 | Lair:1   | Noticed a demonic crawler
 11304 | Lair:1   | Killed a demonic crawler
 12332 | Lair:2   | Found a staircase to the Snake Pit.
 12369 | Lair:2   | Reached skill level 10 in Fighting
 12586 | Lair:2   | Reached XP level 12. HP: 83/106 MP: 12/12
 12822 | Lair:2   | Found a staircase to the Shoals.
 13574 | Lair:3   | Reached skill level 15 in Unarmed Combat
 13909 | Lair:3   | Noticed a death yak
 13925 | Lair:3   | Killed a death yak
 14398 | Lair:3   | Noticed a death yak
 14688 | Lair:3   | Noticed a seven-headed hydra
 14697 | Lair:3   | Killed a seven-headed hydra
 15186 | Lair:3   | Reached XP level 13. HP: 117/117 MP: 13/13
 15410 | Lair:3   | Reached skill level 10 in Dodging
 15658 | Lair:3   | Received a gift from Trog
 17366 | Lair:4   | Found a runed translucent door.
 17366 | Lair:4   | Found a viscous altar of Jiyva.
 17372 | Lair:4   | Found a staircase to the Slime Pits.
 17669 | Lair:5   | Entered Level 5 of the Lair of Beasts
 17951 | Lair:5   | Reached XP level 14. HP: 124/129 MP: 14/14
 18187 | Lair:5   | Received a gift from Trog
 20532 | D:11     | Found a portal to a secret trove of treasure.
 21329 | D:11     | Noticed Nergalle
 21337 | D:11     | Killed Nergalle
 21467 | D:12     | Reached skill level 15 in Fighting
 22195 | D:12     | Received a gift from Trog
 22409 | D:13     | Reached skill level 5 in Shields
 22466 | D:13     | Reached XP level 15. HP: 141/141 MP: 15/15
 22651 | D:13     | Noticed Jorgrun
 22660 | D:13     | Killed Jorgrun
 23208 | D:13     | Found an iron altar of Okawaru.
 23338 | D:13     | Found a stormy altar of Qazlal.
 23801 | D:14     | Found a stormy altar of Qazlal.
 24719 | D:14     | Found a gate to the Vaults.
 25005 | D:14     | Reached ****** piety under Trog
 25535 | Orc:1    | Entered Level 1 of the Orcish Mines
 25547 | Orc:1    | Noticed Snorg
 25560 | Orc:1    | Killed Snorg
 25662 | Orc:1    | Noticed Erica
 25669 | Orc:1    | Killed Erica
 25699 | Orc:1    | Found a dark tunnel.
 25704 | Volcano  | Entered a volcano
 26052 | Volcano  | Found a radiant altar of Vehumet.
 26066 | Volcano  | Identified the +4 glaive of Ikyng {flame, Will+ Int-2
                  | Dex+3} (Trog gifted it to you in a volcano)
 26066 | Volcano  | Received a gift from Trog
 26599 | Orc:2    | Entered Level 2 of the Orcish Mines
 26606 | Orc:2    | Found a staircase to the Elven Halls.
 27663 | Orc:2    | Received a gift from Trog
 27676 | Orc:2    | Found Qiylado's Antique Armour Shoppe.
 27945 | Orc:2    | Reached skill level 10 in Shields
 27953 | Orc:2    | Found Tyaneuf's Jewellery Boutique.
 27960 | Orc:2    | Found Anellaf's Antique Armour Boutique.
 27962 | Orc:2    | Found Jit Oble's Assorted Antiques.
 28023 | Orc:2    | Bought 2 scrolls of identify for 140 gold pieces
 28023 | Orc:2    | Bought a scroll labelled XUGUKH PIDINT for 35 gold pieces
 28029 | Orc:2    | Bought a pair of glowing gloves for 255 gold pieces
 28048 | Orc:2    | Bought a maw talisman for 480 gold pieces
 28050 | Orc:2    | Bought a pair of boots for 108 gold pieces
 28292 | Shoals:1 | Entered Level 1 of the Shoals
 28292 | Shoals:1 | Found Ipaom's Antique Weapon Emporium.
 28305 | Shoals:1 | Reached skill level 1 in Shapeshifting
 28452 | Shoals:1 | Reached XP level 16. HP: 149/149 MP: 16/16
 28509 | Shoals:1 | Noticed a kraken
 28536 | Shoals:1 | Killed a kraken
 28843 | Shoals:1 | Noticed Nikola
 28877 | Shoals:1 | Killed Nikola
 28985 | Shoals:1 | Found Mudaeb's Vocational Training.
 29077 | Shoals:1 | Reached skill level 5 in Shapeshifting
 29572 | Shoals:2 | Noticed Polyphemus
 29711 | Shoals:1 | Killed Polyphemus
 29813 | Shoals:2 | Identified the +8 long sword of Etulac {freeze, MP+9 Str+2
                  | Int+2}
 30189 | Shoals:2 | Found a transporter.
 30269 | Shoals:2 | Received a gift from Trog
 31067 | Shoals:2 | Found a transporter.
 31499 | D:11     | You paid a toll of a +5 demon trident to enter a treasure
                  | trove
 31500 | Trove    | Entered a treasure trove
 31558 | Trove    | Identified the staff "Xediquz" {Contam Drain rF+++ Dex+3
                  | Conj}
 32230 | Shoals:4 | Entered Level 4 of the Shoals
 32294 | Shoals:4 | Paralysed by an air elemental for 1 turns
 33076 | Shoals:4 | Found a stormy altar of Qazlal.
 33200 | Shoals:3 | Noticed Bai Suzhen
 33235 | Shoals:4 | Killed Bai Suzhen
 33252 | Shoals:4 | Reached XP level 17. HP: 49/156 MP: 17/17
 33560 | Shoals:4 | Received a gift from Trog
 33946 | Shoals:4 | Reached skill level 10 in Evocations
 34104 | Shoals:4 | Paralysed by an air elemental for 1 turns
 34577 | Shoals:4 | Noticed a titan
 34815 | Shoals:4 | Killed a titan
 34838 | Shoals:4 | Paralysed by an air elemental for 1 turns
 34965 | Shoals:4 | Identified the +3 shortbow of Kocwatt {elec, Str+3}
 35113 | Shoals:4 | Identified the staff "Sateosou" {rElec Int+2 Air}
 35115 | Shoals:4 | Got a barnacled rune of Zot
 35373 | Snake:1  | Entered Level 1 of the Snake Pit
 35541 | Elf:1    | Entered Level 1 of the Elven Halls
 35747 | Elf:1    | Received a gift from Trog
 36157 | Elf:1    | Paralysed by an air elemental for 1 turns
 36658 | Elf:1    | Found Cejeur's Magic Scroll Shop.
 36671 | Elf:1    | Bought a scroll of teleportation for 48 gold pieces
 36671 | Elf:1    | Bought a scroll of enchant armour for 120 gold pieces
 36686 | Elf:1    | Identified the +7 long sword "Myrox" {speed, Drain Will+
                  | Str+2 Dex+5 SInv}
 36841 | Elf:2    | Paralysed by an air elemental for 1 turns
 36974 | Elf:2    | Identified the +6 lajatang "Kithora" {antimagic, Str+4}
                  | (Trog gifted it to you on level 2 of the Elven Halls)
 36974 | Elf:2    | Received a gift from Trog
 37189 | Elf:2    | Found a runed translucent gate.
 37189 | Elf:2    | Found a runed translucent gate.
 37194 | Elf:2    | Found a runed translucent gate.
 37251 | Elf:2    | Paralysed by an air elemental for 1 turns
 37386 | Elf:3    | Entered Level 3 of the Elven Halls
 38500 | Snake:1  | Found Ydyidugaf's Antique Weapon Boutique.
 38523 | Snake:1  | Found a runed translucent door.
 38527 | Snake:1  | Noticed Femnodeu's ghost (adept MiBe)
 38547 | Snake:1  | Reached XP level 18. HP: 169/169 MP: 18/18
 38886 | Snake:1  | Reached skill level 10 in Shapeshifting
 38963 | Snake:1  | Received a gift from Trog
 39995 | Snake:2  | Found Orefual's Book Shop.
 41012 | Snake:2  | Noticed Donald
 41018 | Snake:2  | Killed Donald
 41176 | Snake:3  | Found Qodiom's Assorted Antiques.
 41182 | Snake:3  | Noticed Vashnia
 41910 | Snake:3  | Found Bamoehuqe's Antique Weapon Emporium.
 42366 | Snake:3  | Found Ylenu's Antique Armour Emporium.
 42374 | Snake:3  | Bought an embroidered hat for 217 gold pieces
 42433 | Snake:3  | Found Jikeifo's Antique Armour Emporium.
 42905 | Snake:3  | Found Qodiom's Assorted Antiques.
 43020 | Snake:3  | Found Bamoehuqe's Antique Weapon Emporium.
 43060 | Snake:3  | Found Jikeifo's Antique Armour Emporium.
 43098 | Snake:3  | Found Ylenu's Antique Armour Emporium.
 43164 | Snake:3  | Killed Vashnia
 43360 | Snake:4  | Entered Level 4 of the Snake Pit
 44019 | Snake:4  | Received a gift from Trog
 44649 | Snake:4  | Reached XP level 19. HP: 177/177 MP: 19/19
 44657 | Snake:4  | Got a serpentine rune of Zot
 45160 | Elf:3    | Received a gift from Trog
 45258 | Elf:3    | Reached skill level 15 in Shapeshifting
 45587 | Elf:3    | Identified the amulet of Moodiness {Regen+ rCorr MP-9
                  | Dex+2}
 45609 | Abyss:3  | Cast into level 3 of the Abyss (a deep elf sorcerer)
 45672 | Abyss:3  | Gained mutation: You occasionally shout uncontrollably at
                  | your foes. [a neqoxec]
 45674 | Abyss:3  | Gained mutation: You are clumsy. (Dex -2) [a neqoxec]
 45678 | Abyss:3  | Gained mutation: Your magical capacity is low. (-10% MP) [a
                  | neqoxec]
 45732 | Abyss:3  | Received a gift from Trog
 45774 | Abyss:3  | Noticed a bone dragon
 45788 | Abyss:3  | Killed a bone dragon
 45792 | Abyss:3  | Got an abyssal rune of Zot
 45794 | Abyss:3  | Paralysed by accursed screaming for 1 turns
 45814 | Abyss:3  | Paralysed by accursed screaming for 2 turns
 45898 | Abyss:3  | Found a corrupted altar of Lugonu.
 45931 | Elf:3    | Escaped the Abyss
 46033 | Elf:3    | Identified the +3 spear of Death's Door {heavy, Will+}
 46033 | Elf:3    | Identified the +1 robe "Usiko" {rC- Regen+ Str+2 Int+2}
 46668 | D:15     | Entered Level 15 of the Dungeon
 47098 | D:15     | Received a gift from Trog
 47203 | D:15     | Noticed Kirke
 47213 | D:15     | Killed Kirke
 47283 | D:15     | Paralysed by an orc sorcerer for 2 turns
 47311 | D:15     | Found a staircase to the Depths.
 47345 | D:15     | Found a sparkling altar of Nemelex Xobeh.
 47499 | Vaults:1 | Entered Level 1 of the Vaults
 47761 | Vaults:1 | Reached XP level 20. HP: 191/191 MP: 9/18
 47887 | Vaults:1 | Received a gift from Trog
 48860 | Vaults:2 | Received a gift from Trog
 48965 | Vaults:2 | Found Dituh's Weapon Shop.
 49640 | Vaults:2 | Received a gift from Trog
 50017 | Vaults:2 | Found Ukhlenlu's Armour Shoppe.
 50188 | Vaults:2 | Reached skill level 15 in Evocations
 50599 | Shoals:1 | Bought a manual of Evocations for 1360 gold pieces
 51460 | Vaults:3 | Received a gift from Trog
 51711 | Vaults:3 | You are sucked into a shaft and drop 1 floor!
 51737 | Vaults:3 | Reached XP level 21. HP: 201/201 MP: 9/18
 52145 | Vaults:3 | Found a staircase to the Crypt.
 52145 | Vaults:3 | Found a basalt altar of Yredelemnul.
 52145 | Vaults:3 | Found an ancient bone altar of Kikubaaqudgha.
 52636 | Vaults:4 | Received a gift from Trog
 53180 | Vaults:4 | Noticed Aizul
 53185 | Vaults:4 | Killed Aizul
 53293 | Vaults:4 | Received a gift from Trog
 54184 | Vaults:5 | Entered Level 5 of the Vaults
 54426 | Depths:1 | Entered Level 1 of the Depths
 54661 | Depths:1 | Found a one-way gate leading to the halls of Pandemonium.
 54747 | Depths:1 | Received a gift from Trog
 55008 | Depths:1 | Found a gateway to Hell.
 55299 | Depths:1 | Reached XP level 22. HP: 211/211 MP: 10/19
 55424 | Depths:1 | Noticed a caustic shrike
 55428 | Depths:1 | Killed a caustic shrike
 55443 | Depths:1 | Received a gift from Trog
 56260 | Depths:2 | Received a gift from Trog
 56277 | Depths:2 | Noticed a caustic shrike
 56280 | Depths:2 | Killed a caustic shrike
 56744 | Depths:2 | Noticed Saint Roka
 56777 | Depths:2 | Killed Saint Roka
 56938 | Depths:2 | Found Hiattem's Jewellery Boutique.
 56938 | Depths:2 | Found Hitha's Book Emporium.
 56939 | Depths:2 | Found Qeopp's Book Emporium.
 56947 | Depths:2 | Bought the amulet of Cofiequr {Reflect rF+ SH+5 Stlth+} for
                  | 655 gold pieces
 56959 | Depths:2 | Bought a +4 ring of protection for 504 gold pieces
 57104 | Depths:2 | Received a gift from Trog
 57554 | Depths:2 | Noticed a golden dragon
 57558 | Depths:2 | Killed a golden dragon
 57881 | Depths:3 | Noticed a golden dragon
 57890 | Depths:3 | Killed a golden dragon
 57891 | Depths:3 | Reached XP level 23. HP: 182/225 MP: 20/20
 59057 | Depths:3 | Noticed Frederick
 59065 | Depths:3 | Killed Frederick
 59167 | Depths:3 | Received a gift from Trog
 59380 | Depths:3 | Found a corrupted altar of Lugonu.
 59380 | Depths:3 | Found a one-way gate to the infinite horrors of the Abyss.
 59550 | Depths:3 | Identified the +8 falchion "Xami Paz" {freeze, rElec rCorr
                  | SInv Stlth-}
 59645 | Depths:3 | Paralysed by a floating eye for 4 turns
 59951 | Depths:3 | Identified the +2 dagger "Zauxod" {heavy, Will+}
 60267 | Depths:4 | Entered Level 4 of the Depths
 60452 | Depths:4 | Found a gate to the Realm of Zot.
 61251 | Depths:4 | Found a one-way gateway to a ziggurat.
 61889 | Vaults:4 | Received a gift from Trog
 62328 | Vaults:5 | Identified the +12 rapier "Mauraj" {heavy, rPois rN+ Will+}
 62475 | Vaults:5 | Reached XP level 24. HP: 238/238 MP: 20/20
 62523 | Vaults:5 | Received a gift from Trog
 62685 | Vaults:5 | Noticed an ancient lich
 62695 | Vaults:5 | Killed an ancient lich
 63142 | Vaults:5 | Identified the +9 war axe of the Heavens {chaos, Fragile
                  | +Blink rN+}
 63175 | Vaults:5 | Found Roimeut's Distillery.
 63181 | Vaults:5 | Bought a potion of invisibility for 88 gold pieces
 63181 | Vaults:5 | Bought a potion of curing for 33 gold pieces
 63181 | Vaults:5 | Bought a potion of mutation for 88 gold pieces
 63181 | Vaults:5 | Lost mutation: You are clumsy. (Dex -2) [potion of
                  | mutation]
 63181 | Vaults:5 | Lost mutation: You occasionally shout uncontrollably at
                  | your foes. [potion of mutation]
 63181 | Vaults:5 | Gained mutation: Your mind is acute. (Int +4, Str/Dex -1)
                  | [potion of mutation]
 63181 | Vaults:5 | Gained mutation: Your natural rate of healing is unusually
                  | fast. [potion of mutation]
 63256 | Vaults:5 | Found Sono's Distillery.
 63264 | Vaults:5 | Received a gift from Trog
 63411 | Vaults:5 | Identified the +2 longbow of Cebapn {drain, rElec Str+6
                  | Dex-2}
 63422 | Vaults:5 | Identified the +2 rapier "Guvos" {speed, rN++ Stlth+}
 63439 | Vaults:5 | Bought a potion of heal wounds for 100 gold pieces
 63439 | Vaults:5 | Bought a potion of heal wounds for 100 gold pieces
 63439 | Vaults:5 | Bought a potion of cancellation for 160 gold pieces
 63439 | Vaults:5 | Bought 2 potions of invisibility for 320 gold pieces
 63439 | Vaults:5 | Bought a potion of curing for 60 gold pieces
 63668 | Vaults:5 | Identified the +1 whip of the Mauling Big Fish {freeze,
                  | Str+5 Int+7}
 63672 | Vaults:5 | Got a silver rune of Zot
 63717 | Vaults:5 | Noticed a dread lich
 63727 | Vaults:5 | Killed a dread lich
 64619 | Zot:1    | Entered Level 1 of the Realm of Zot
 64738 | Zot:3    | Received a gift from Trog
 65115 | Zot:4    | Noticed a Killer Klown
 65133 | Zot:4    | Killed a Killer Klown
 65170 | Zot:4    | Reached XP level 25. HP: 245/245 MP: 20/20
 65492 | Zot:4    | Noticed an orb of fire
 65498 | Zot:4    | Killed an orb of fire
 65499 | Zot:4    | Reached skill level 27 in Unarmed Combat
 65529 | Zot:4    | Noticed an orb of fire
 65541 | Zot:4    | Killed an orb of fire
 65582 | Zot:5    | Entered Level 5 of the Realm of Zot
 65588 | Zot:5    | Noticed a Killer Klown
 65597 | Zot:4    | Killed a Killer Klown
 65663 | Zot:5    | Received a gift from Trog
 65699 | Zot:5    | Found a transporter.
 66065 | Zot:5    | Found a transporter.
 66432 | Zot:5    | Noticed an orb of fire
 66435 | Zot:5    | Noticed an orb of fire
 66435 | Zot:5    | Noticed an orb of fire
 66436 | Zot:5    | Killed an orb of fire
 66441 | Zot:5    | Noticed an orb of fire
 66443 | Zot:5    | Killed an orb of fire
 66446 | Zot:5    | Noticed a Killer Klown
 66449 | Zot:5    | Noticed an orb of fire
 66450 | Zot:5    | Killed an orb of fire
 66450 | Zot:5    | Noticed an orb of fire
 66455 | Zot:5    | Killed an orb of fire
 66455 | Zot:5    | Noticed an orb of fire
 66460 | Zot:5    | Killed an orb of fire
 66460 | Zot:5    | Noticed a Killer Klown
 66463 | Zot:5    | Killed an orb of fire
 66478 | Zot:5    | Killed an orb of fire
 66478 | Zot:5    | Noticed a Killer Klown
 66481 | Zot:5    | Noticed a Killer Klown
 66482 | Zot:5    | Killed a Killer Klown
 66490 | Zot:5    | Killed a Killer Klown
 66505 | Zot:5    | Killed a Killer Klown
 66515 | Zot:5    | Killed a Killer Klown
 66720 | Zot:5    | Received a gift from Trog
 66743 | Zot:5    | Reached skill level 27 in Fighting
 66864 | Zot:5    | Noticed a Killer Klown
 66883 | Zot:5    | Killed a Killer Klown
 66895 | Zot:5    | Noticed a Killer Klown
 66923 | Zot:5    | Killed a Killer Klown
 66924 | Zot:5    | Reached XP level 26. HP: 266/266 MP: 2/20
 67038 | Zot:5    | Got the Orb of Zot
 67055 | Zot:5    | Reached skill level 15 in Dodging
 67356 | D:15     | Noticed Lupnoulo the pandemonium lord
 67363 | D:15     | Killed Lupnoulo the pandemonium lord
 67645 | D:$      | Escaped with the Orb!

Illustrated notes

Levels and vault maps discovered:
D:1:      tarquinn_simple_flora_water_b, layout_basic
D:2:      layout_loops_ring
D:3:      layout_basic, gammafunk_temple_overflow_claw,
          chequers_serial_rivers_micro_a, nicolae_half_adder
D:4:      layout_loops_cross, mainiacjoe_overflow_alcove_4,
          minmay_temple_entry_stoned_glass, gammafunk_ghost_gnarly_gnolls,
          kennysheep_generic_room_10
D:5:      layout_basic, serial_curves, eino_curves_02, eino_curves_03,
          uniq_menkaure, uniq_duvessa, uniq_edmund
D:6:      layout_basic, nicolae_elyvilon_peaceful_grove, minmay_mini_ossuary
D:7:      layout_cave_pools, guppyfry_shop_venom
D:8:      layout_gridville, kennysheep_nub, hex_large
D:9:      layout_loops_ring, lair_entry_dummy, minivault_16
D:10:     layout_basic, mainiacjoe_overflow_tiny_flanked,
          mainiacjoe_overflow_paths
D:11:     layout_long_grid, orc_david_3, nicolae_trove_entry_crossroad,
          serial_glass, glass_columns_a, glass_columns_c, glass_columns_a,
          glass_columns_a, minmay_strange_pillars, minmay_strange_pillars,
          minmay_strange_pillars, uniq_nergalle
D:12:     layout_stronghold
D:13:     layout_loops_corners, hangedman_feature_mirror, uniq_jorgrun
D:14:     kennysheep_blocky_room, layout_irregular_city,
          ximxim_vaults_locker_room, lemuel_tele_altar
D:15:     grunt_enter_depths_magical_seal, layout_basic,
          nemelex_spade_bored_becter, uniq_kirke
Lair:1:   layout_chaotic_city, grunt_forest_small_clearings, worms_lemuel,
          uniq_harold
Lair:2:   layout_chaotic_city, elwin_shoals_entry_rooms,
          minmay_snake_entry_guardpost_medium, serial_bayou,
          serial_bayou_lagoon_b, serial_bayou_ford_a, serial_bayou_shore_b,
          serial_bayou_lagoon_a, serial_bayou_pond_d,
          nicolae_quartered_pool_super, beast_lair_carwin_2
Lair:3:   nzn_winding_woodlands_huge [nzn_winding_woodlands_5x15_split_checker,
          nzn_winding_woodlands_5x15_concentric,
          nzn_winding_woodlands_5x15_crooked,
          nzn_winding_woodlands_5x15_longhouse,
          nzn_winding_woodlands_5x15_sawtooth, nzn_winding_woodlands_5x15_eye,
          nzn_winding_woodlands_5x15_jagged,
          nzn_winding_woodlands_5x15_lazy_stream,
          nzn_winding_woodlands_5x15_twine, nzn_winding_woodlands_5x15_pockets,
          nzn_winding_woodlands_center_triple_pond,
          nzn_winding_woodlands_center_pierced_h,
          nzn_winding_woodlands_15x15_five_gardens], layout_regular_city
Lair:4:   layout_gridlike, slime_entry_2
Lair:5:   hangedman_lair_caniforms_friends, layout_loops_ring,
          hangedman_lair_tendril_chambers, st_stairs_4,
          eino_small_chamber_without_monster
Shoals:1: layout_shoals, serial_shops, shop, nicolae_shop_vocational,
          uniq_nikola
Shoals:2: gammafunk_sealed_arena, layout_shoals,
          nicolae_shoals_lost_giant_amphitheater, uniq_polyphemus
Shoals:3: nicolae_shoals_island_circles, layout_shoals, uniq_bai_suzhen
Shoals:4: shoals_end_hellmonk_storm_palace [storm_palace_center_circular,
          storm_palace_corner_altar, storm_palace_corner_narrow,
          storm_palace_corner_reverse_hut, storm_palace_corner_narrow]
Snake:1:  layout_cave_shapes, ebering_ghost_reflecting_pool, serial_shops,
          nicolae_shop_real_fake_doors, nicolae_triple_integral,
          grunt_megastairs_2, lemuel_fruit_tree
Snake:2:  cheibrodos_snake_lava_hold, layout_gridlike, serial_shops, shop,
          drop_trap, nicolae_snake_omega, uniq_donald
Snake:3:  layout_onion, serial_shops, shop, nicolae_shop_hallway_plus, shop,
          shop, hangedman_venom_bottle, uniq_vashnia
Snake:4:  minmay_snake_end_coiled, layout_cave_town
Orc:1:    nicolae_orc_accident_2, layout_diamond_mine, enter_volcano_4,
          uniq_snorg, uniq_erica
Orc:2:    st_orc_elflike, layout_caves
Elf:1:    eino_elf_arrival_shootout, layout_geoelf_octagon, serial_shops, shop,
          minmay_elf_annihilation, minivault_11
Elf:2:    elven_hall_of_blades_hangedman_original
          [nicolae_vaults_blade_armed_guards], layout_geoelf_grid,
          dk_noncrumbling_3, lemuel_flamethrower_2
Elf:3:    minmay_elf_hall_dome, layout_geoelf_castle
Vaults:1: nicolae_vaults_trapezoid_lopsided_1, nicolae_vaults_little_squares_2,
          nicolae_vaults_tetromino_L_1, nicolae_vaults_more_shelving_2,
          ontoclasm_vaults_ring_small, hangedman_vaults_variations,
          hangedman_vaults_cutoff, nicolae_vaults_double_plus_1,
          nicolae_vaults_frosty_reception, v_misc_17, ontoclasm_vaults_chip,
          vaults_standard_mumra_x, vaults_dpeg_spiral, layout_vaults_maze
Vaults:2: v_misc_14, nicolae_vaults_taking_the_gang_shopping,
          nicolae_vaults_stepped_doors, nicolae_vaults_closet_pinwheel_6,
          nicolae_vaults_what_the_h, nicolae_vaults_stand_back,
          nicolae_vaults_storage_room_glass,
          nicolae_vaults_door_testing_chamber, nicolae_vaults_prndl,
          nicolae_vaults_little_squares_3, vaults_dpeg_encased_lava,
          layout_vaults_omnigrid, serial_shops, nicolae_shop_tiny_waterfront
Vaults:3: nicolae_vaults_trapezoid_layered, minmay_crypt_entry_necro_gods,
          nicolae_vaults_double_plus_2, ontoclasm_vaults_tryst,
          ontoclasm_vaults_claustrophobia, nicolae_vaults_double_plus_3,
          nicolae_vaults_two_Ls, v_misc_24, v_misc_23,
          ontoclasm_vaults_decontamination, layout_vaults_big_room
Vaults:4: v_misc_30, vaults_mumra_lcd, nicolae_vaults_branching_niches,
          v_alt_pattern_4, vaults_standard_mumra_enter_the_diamond,
          nicolae_vaults_triangles, nicolae_vaults_storage_closets_2,
          vaults_standard_mumra_lines, nicolae_vaults_wine_cellar,
          vaults_room_pool, nicolae_vaults_house_1, serial_ice_g,
          layout_vaults_ring, uniq_aizul
Vaults:5: serial_shops
Depths:1: nicolae_herringbone, layout_basic, grunt_hell_horde,
          grunt_pan_entry_zigzag, grunt_ministairs_4, nicolae_letterblocks
          [nicolae_letter_subblock, nicolae_letter_subblock,
          nicolae_letter_subblock, nicolae_letter_subblock,
          nicolae_letter_subblock, nicolae_letter_subblock,
          nicolae_letter_subblock, nicolae_letter_subblock,
          nicolae_letter_subblock, nicolae_letter_subblock,
          nicolae_letter_subblock, nicolae_letter_subblock,
          nicolae_letter_subblock, nicolae_letter_subblock,
          nicolae_letter_subblock, nicolae_letter_subblock,
          nicolae_letter_subblock, nicolae_letter_subblock,
          nicolae_letter_subblock, nicolae_letter_subblock,
          nicolae_letter_subblock, nicolae_letter_subblock,
          nicolae_letter_subblock, nicolae_letter_subblock,
          nicolae_letter_subblock]
Depths:2: minmay_octo_star, layout_cross, grunt_hell_entry_dis_grunt,
          rand_demon_pan_entry_5, nicolae_concentric_dashed_squares_wild,
          minmay_shop_grove, uniq_saint_roka
Depths:3: minmay_the_grid_3x3 [minmay_the_grid_box_x, minmay_the_grid_fan,
          minmay_the_grid_plusring, minmay_the_grid_dragon_b, minmay_the_grid_x,
          minmay_the_grid_spin_star, minmay_the_grid_rooms,
          minmay_the_grid_artifice, minmay_the_grid_prize_inner_circle],
          layout_basic, abyss_entry_flame_altar, chequers_serial_rivers_small_a,
          hell_entry, infiniplex_staircase_pool_2, uniq_frederick
Depths:4: grunt_zot_entry_funnels, layout_basic, enter_ziggurat_c, abyss_entry,
          pf_hell_entry_great_geh, serial_bayou_shore_b
Zot:1:    layout_gridlike, uniq_josephina
Zot:2:    layout_twisted_circle, st_stairs_9
Zot:3:    layout_misc_corridors
Zot:4:    lemuel_firehouse, layout_onion_interference
Zot:5:    layout_gridlike, grunt_ministairs_8, nicolae_diode_stairs

Skill      XL: |  1  2  3  4  5  6  7  8  9 10 11 12 13 14 15 16 17 18 19 20 21 22 23 24 25 26 |
---------------+-------------------------------------------------------------------------------+-----
Unarmed Combat | 4 5 7 8 9 11 13 14 15 17 18 19 20 22 24 25 26 27 | 27.0
Fighting       | 4 5 6 7 8 10 11 13 15 17 19 20 22 24 27 | 27.0
Shields        | 3 5 10 13 14 | 14.0
Dodging        | 4 5 6 7 8 9 11 12 14 15 | 15.7
Evocations     | 1 5 8 12 15 16 18 | 18.0
Shapeshifting  | 2 9 13 15 16 18 | 18.0

Action                     |  1- 3 |  4- 6 |  7- 9 | 10-12 | 13-15 | 16-18 | 19-21 | 22-24 | 25-27 || total
---------------------------+-------+-------+-------+-------+-------+-------+-------+-------+-------++-------
  Melee: Unarmed           |   119 |   125 |   323 |   589 |  1411 |  1379 |  1028 |  1102 |   369 ||  6445
         Tailslap          |     9 |    15 |    43 |   104 |   298 |   298 |   225 |   234 |    70 ||  1296
         Punch             |     2 |       |       |       |       |    18 |   154 |   209 |    73 ||   456
         Maw               |       |       |       |       |       |   234 |       |       |       ||   234
         Bite              |       |       |       |       |       |    21 |   159 |   201 |    62 ||   443
  Throw: Boomerang         |       |       |       |       |       |     2 |       |       |       ||     2
 Invoke: Berserk           |     2 |     3 |     3 |     7 |    10 |     5 |     1 |     1 |       ||    32
         Trog's Hand       |       |       |     1 |     3 |     8 |     3 |    16 |    14 |     1 ||    46
         Brothers in Arms  |       |       |       |     1 |       |     1 |       |       |       ||     2
Ability: Breathe Frost     |       |       |     8 |    15 |    16 |    17 |    21 |    23 |    11 ||   111
  Evoke: Wand              |       |       |       |    11 |     4 |    19 |       |     1 |     4 ||    39
         Lightning rod     |       |       |       |       |       |       |     5 |       |       ||     5
         Phial of floods   |       |       |       |       |       |       |     1 |       |       ||     1
    Use: Potion            |     1 |       |       |     1 |     1 |     3 |       |     3 |     6 ||    15
         Scroll            |       |       |    10 |    10 |     9 |    10 |     7 |     9 |     2 ||    57
   Stab: Sleeping          |     5 |     7 |     3 |     1 |     3 |    12 |     3 |     2 |       ||    36
         Distracted        |       |       |     1 |     1 |       |     7 |     3 |     5 |       ||    17
         Held in net/web   |       |       |       |       |       |     2 |       |       |       ||     2
         Petrified         |       |       |       |       |       |     1 |       |       |       ||     1
         Invisible         |       |       |       |       |       |     1 |       |       |       ||     1
 Armour: Skin              |    37 |    36 |    84 |    99 |   166 |   187 |   300 |   347 |   119 ||  1375
  Dodge: Dodged            |    43 |    57 |   146 |   342 |   672 |   615 |   483 |   463 |    91 ||  2912
  Block: Buckler           |     4 |    29 |    71 |   118 |   264 |       |       |       |       ||   486
         Kite shield       |       |       |       |       |   210 |   928 |       |       |       ||  1138
         Reflection        |       |       |       |       |    14 |   102 |       |     8 |       ||   124
         Other             |       |       |       |       |       |       |       |   100 |    33 ||   133
   Form: Maw               |       |       |       |       |       |     3 |       |       |       ||     3
                           |       |       |       |       |       |     1 |       |       |       ||     1
         Dragon            |       |       |       |       |       |     1 |       |       |       ||     1

Table legend: (Time is in decaauts)
 A = Elapsed time spent in this place.
 B = Non-inter-level travel time spent in this place.
 C = Inter-level travel time spent in this place.
 D = Time resting spent in this place.
 E = Time spent auto-exploring this place.
 F = Levels seen in this place.
 G = Mean time per level.
                   A        B        C        D        E       F      G
               +--------+--------+--------+--------+--------+-----+--------+
         Total |  66367 |  60155 |   6212 |  19348 |  25535 |  50 | 1327.3 |
       Dungeon |  18190 |  15663 |   2527 |   3711 |   9340 |  15 | 1212.7 |
          Lair |  10512 |   9467 |   1045 |   4044 |   3297 |   5 | 2102.4 |
        Shoals |   6790 |   6503 |    287 |   2868 |   1544 |   4 | 1697.5 |
     Snake Pit |   5786 |   5510 |    276 |   1497 |   2436 |   4 | 1446.5 |
  Orcish Mines |   1940 |   1711 |    229 |    358 |    905 |   2 |  970.0 |
   Elven Halls |   4034 |   3605 |    429 |    891 |   1471 |   3 | 1344.7 |
        Vaults |   8516 |   7788 |    728 |   2108 |   3731 |   5 | 1703.2 |
        Depths |   7096 |   6615 |    481 |   2503 |   2419 |   4 | 1774.0 |
           Zot |   2393 |   2187 |    206 |    936 |    344 |   5 |  478.6 |
         Abyss |    288 |    288 |      0 |      0 |      0 |   1 |  288.0 |
         Trove |     68 |     68 |      0 |      0 |     47 |   1 |   68.0 |
       Volcano |    749 |    749 |      0 |    429 |      0 |   1 |  749.0 |
               +--------+--------+--------+--------+--------+-----+--------+

Top non-repeatable levels by time:
  Lair:3: 2983 daAuts
Shoals:4: 2670 daAuts
    D:14: 2428 daAuts
  Lair:5: 2272 daAuts
  Lair:2: 2127 daAuts
Vaults:5: 2127 daAuts
Depths:2: 2122 daAuts
Depths:1: 2016 daAuts
Vaults:4: 1994 daAuts
Vaults:2: 1989 daAuts
 Snake:2: 1950 daAuts
   Elf:3: 1945 daAuts
Shoals:1: 1941 daAuts
    D:10: 1795 daAuts
     D:9: 1775 daAuts
